Map: Inside and Out

Players

Zain

  • Race: Protoss Protoss
  • League: Master
  • Spawn Location: 7:00

Reynor - Winner!

  • Race: Zerg Zerg
  • League: Master
  • Spawn Location: 1:00

Event: HomeStory Cup XXII

VOD

Have the link to the VOD?

Description

Time

  • Played on: Dec. 16, 2022, 2:55 p.m.
  • Length: 8:43

All games in this series

Show
View Real Time Build Order
Export as new Build Order

Zain Protoss 

Build Orders: 1 Gate Expand, Blink Stalkers 

Get SALT Encoding   

  12  0:00  Probe  
  13  0:12  Probe  
  14  0:18  Pylon  
  14  0:24  Probe (Chrono Boost)  
  15  0:36  Probe (Chrono Boost)  
  15  0:37  Gateway  
  16  0:45  Probe (Chrono Boost)  
  16  0:46  Assimilator  
  17  0:50  Probe  
  18  1:03  Probe  
  19  1:15  Probe  
  20  1:23  Nexus  
  20  1:30  Probe  
  21  1:33  Assimilator  
  21  1:41  Pylon  
  21  1:42  Probe  
  22  1:55  Probe  
  22  1:57  Cybernetics Core  
  23  2:07  Probe  
  24  2:12  Zealot (Chrono Boost)  
  26  2:19  Probe  
  27  2:31  Probe  
  27  2:36  Adept (Chrono Boost)  
  28  2:37  Warp Gate  
  28  2:40  Gateway  
  28  2:42  Probe  
  31  2:49  Probe  
  32  2:54  Twilight Council, Probe (Chrono Boost)  
  33  3:01  Probe (Chrono Boost)  
  33  3:03  Stalker  
  36  3:06  Probe (Chrono Boost)  
  38  3:13  Probe (Chrono Boost)  
  38  3:15  Probe (Chrono Boost)  
  38  3:18  Probe (Chrono Boost)  
  38  3:19  Robotics Facility  
  40  3:20  Probe  
  40  3:26  Blink (Chrono Boost)  
  41  3:28  Probe  
  41  3:32  Probe  
  43  3:40  Probe  
  44  3:44  Probe  
  44  3:47  Pylon  
  45  3:49  Assimilator  
  45  3:52  Probe, Assimilator  
  46  4:02  Gateway  
  46  4:04  Gateway  
  46  4:06  Observer, Probe x2  
  49  4:18  Probe  
  49  4:20  Nexus  
  49  4:24  Probe  
  51  4:25  Stalker  
  51  4:29  Pylon  
  53  4:46  Warp Prism  
  53  4:49  Gateway  
  53  4:51  Robotics Bay  
  54  4:53  Gateway  
  54  4:54  Gateway  
  54  4:56  Adept, Stalker  
  54  4:59  Stalker  
  54  5:02  Stalker  
  54  5:10  Gateway  
  54  5:12  Pylon  
  53  5:22  Stalker x2  
  57  5:34  Stalker x2  
  57  5:35  Disruptor (Chrono Boost)  
  64  5:43  Pylon  
  64  5:46  Pylon  
  64  5:48  Pylon  
  64  5:53  Stalker x2  
  68  6:02  Stalker x2  
  68  6:03  Observer (Chrono Boost)  
  73  6:13  Stalker x3  
  73  6:17  Shield Battery  
  79  6:39  Stalker x5  
  89  6:44  Disruptor  
  92  7:09  Stalker  
  94  7:16  Pylon  
  94  7:17  Pylon  
  94  7:19  Pylon  
  94  7:20  Gravitic Drive (Chrono Boost)  
  94  7:21  Pylon  
  94  7:32  Pylon  
  94  7:34  Pylon  
  94  7:45  Stalker  
  94  7:46  Stalker x7  
  110  8:09  Stalker x2  
  114  8:16  Stalker x3  
  114  8:18  Pylon  
  120  8:21  Pylon  
  120  8:22  Pylon  
  116  8:33  Stalker x3  
Show
View Real Time Build Order
Export as new Build Order

Reynor Zerg - Winner!

Build Orders: Hatch First 

Get SALT Encoding   

  12  0:00  Drone  
  13  0:11  Overlord  
  13  0:17  Drone  
  14  0:30  Drone x2  
  16  0:48  Hatchery  
  15  0:50  Drone  
  15  0:54  Drone  
  17  0:57  Drone  
  18  1:12  Spawning Pool  
  18  1:15  Drone  
  18  1:20  Drone, Extractor  
  18  1:27  Drone  
  19  1:38  Drone  
  20  1:48  Overlord  
  20  1:59  Queen x2  
  20  2:00  Zergling x2  
  25  2:02  Zergling x2  
  26  2:10  Drone  
  26  2:11  Drone  
  28  2:22  Metabolic Boost  
  28  2:24  Drone x2  
  30  2:35  Drone  
  30  2:36  Drone  
  32  2:45  Drone  
  32  2:46  Hatchery  
  32  2:49  Overlord  
  32  2:55  Drone x2  
  34  3:01  Queen  
  36  3:09  Drone x3  
  36  3:12  Overlord  
  39  3:19  Drone  
  40  3:20  Zergling x4  
  40  3:26  Overlord  
  42  3:29  Queen  
  42  3:30  Drone  
  45  3:36  Drone  
  45  3:40  Queen, Drone  
  49  3:47  Overlord  
  49  3:52  Drone  
  50  3:56  Roach Warren  
  50  3:58  Zergling x2  
  50  4:02  Zergling x2, Queen  
  51  4:04  Zergling x2  
  54  4:12  Zergling x2  
  54  4:13  Zergling x8  
  54  4:15  Queen  
  61  4:19  Overlord  
  61  4:20  Zergling x4  
  63  4:27  Overlord  
  63  4:31  Zergling x4  
  65  4:38  Overlord  
  65  4:42  Drone x2  
  65  4:44  Drone x3  
  70  4:45  Overlord  
  70  4:48  Drone x2  
  70  4:50  Drone  
  72  4:53  Overlord  
  72  4:55  Drone  
  72  4:56  Spore Crawler  
  69  5:01  Drone  
  69  5:03  Drone x3, Extractor  
  69  5:06  Drone x2  
  72  5:13  Drone  
  73  5:14  Drone  
  73  5:16  Drone  
  75  5:24  Lair  
  75  5:25  Extractor  
  75  5:26  Roach x3  
  80  5:30  Spore Crawler  
  80  5:31  Roach x3  
  80  5:35  Drone x4  
  89  5:39  Roach  
  89  5:40  Overlord  
  90  5:46  Roach  
  90  5:49  Zergling x8  
  96  5:51  Ravager x2  
  96  5:52  Zergling x2  
  99  5:58  Zergling x2  
  99  6:01  Zergling x8  
  103  6:04  Overlord  
  103  6:10  Roach  
  105  6:11  Zergling x2  
  105  6:14  Zergling x2  
  107  6:19  Overlord  
  107  6:23  Roach  
  109  6:26  Roach  
  109  6:27  Roach  
  109  6:28  Overlord  
  109  6:29  Zergling x4, Glial Reconstitution, Roach x2  
  119  6:33  Overlord  
  119  6:35  Zergling x8  
  119  6:38  Queen x2  
  124  6:41  Ravager x2  
  124  6:42  Zergling x2  
  124  6:44  Ravager  
  124  6:45  Zergling x2  
  129  6:48  Overlord  
  129  6:49  Roach  
  130  6:55  Roach  
  130  6:57  Roach  
  130  6:58  Zergling x8, Roach  
  130  6:59  Overlord  
  140  7:04  Zergling x8  
  140  7:07  Queen  
  145  7:11  Zergling x2, Roach x2  
  148  7:24  Roach x3  
  148  7:25  Overlord  
  148  7:26  Roach x2  
  156  7:31  Drone x2  
  156  7:32  Evolution Chamber  
  156  7:33  Drone x2  
  156  7:35  Drone x2  
  157  7:42  Drone  
  154  7:44  Drone x2  
  154  7:49  Zergling x6  
  158  7:53  Baneling Nest  
  158  7:54  Extractor  
  158  7:55  Zergling x2  
  158  7:56  Zergling x2  
  157  8:01  Drone x3  
  157  8:03  Zergling x2  
  157  8:04  Extractor  
  157  8:05  Zergling x2  
  156  8:08  Ravager x2  
  156  8:09  Zergling x4  
  156  8:13  Overlord  
  156  8:14  Zergling x4, Roach x2  
  156  8:15  Zergling x2  
  156  8:17  Zergling x2  
  164  8:20  Zergling x4  
Tags
 
Add a new tag
Caveats
  • Supply blocks, unpowered buildings, or Contaminate may cause inaccurate times.
  • Supply counts are checked every 10 seconds.